 Dungeon Crawl Stone Soup version 0.28.0-43-g3370ac3207 (webtiles) character file.

Game seed: 15314751574901033504

53 pkoi the Gusty (level 3, 0/21 HPs)
             Began as an Octopode Air Elementalist on Mar 16, 2022.
             Slain by Ijyb
             ... wielding a +0 club
              (4 damage)
             ... on level 2 of the Dungeon.
             The game lasted 00:02:19 (3094 turns).

pkoi the Gusty (Octopode Air Elementalist)          Turns: 3094, Time: 00:02:20

Health: 0/21       AC:  1    Str:  7    XL:     3   Next: 89%
Magic:  0/6        EV: 13    Int: 19    God:
Gold:   78         SH:  0    Dex: 12    Spells: 2/6 levels left

rFire   . . .      SeeInvis .   c - +0 short sword
rCold   . . .      Faith    .   (no shield)
rNeg    . . .      Spirit   .   (helmet restricted)
rPois   .          Reflect  .   (no amulet)
rElec   .          Harm     .   (no ring)
rCorr   .          Rampage  .   (no ring)
Will    .....                   (no ring)
Stlth   +++.......              (no ring)
HPRegen 0.07/turn               (no ring)
MPRegen 0.10/turn               (no ring)
                                (no ring)
                                (no ring)

@: no status effects
A: almost no armour, amphibious, 8 rings, camouflage 1, gelatinous body 1,
(nimble swimmer 1), tentacles
a: no special abilities


You were on level 2 of the Dungeon.
You visited 1 branch of the dungeon, and saw 3 of its levels.

You collected 78 gold pieces.

Inventory:

Hand Weapons
 c - a +0 short sword (weapon)
Missiles
 b - 6 atropa-tipped darts
 d - 3 curare-tipped darts
 e - 4 poisoned darts
Scrolls
 a - 2 scrolls of identify
 f - a scroll of amnesia
 h - a scroll of immolation
Potions
 g - a potion of attraction


   Skills:
 - Level 2.0 Dodging
 - Level 2.6 Stealth
 - Level 2.0 Spellcasting
 - Level 1.0 Conjurations
 + Level 4.7 Air Magic


You had 2 spell levels left.
You knew the following spells:

 Your Spells              Type           Power      Damage    Failure   Level
a - Shock                 Conj/Air       48%        1d6       5%          1
b - Swiftness             Air            19%        N/A       8%          3

Your spell library contained the following spells:

 Spells                   Type           Power      Damage    Failure   Level
 Static Discharge         Conj/Air       12%        N/A       8%          2
 Slow                     Hex            4%         N/A       17%         1
 Airstrike                Air            9%         N/A       24%         4
 Confusing Touch          Hex            1%         N/A       45%         3
 Vampiric Draining        Necr           1%         2d6       45%         3


Dungeon Overview and Level Annotations

Branches:
Dungeon (3/15)

Altars:

Annotations:
D:2 Ijyb


Innate Abilities, Weirdness & Mutations

You cannot wear most types of armour.
You are amphibious.
You can wear up to eight rings at the same time.
Your skin changes colour to match your surroundings (Stealth+).
Your rubbery body absorbs attacks. (AC +1, EV +1)
((You are camouflaged when in or above water. (Stealth+)))
You have tentacles for arms and can constrict up to eight enemies at once.


Message History

Nothing appears to happen.
The zap hits Ijyb.
Ijyb is lightly wounded.
Ijyb shouts!
Ijyb zaps a wand.
You barely resist.
The zap hits Ijyb but does no damage.
Ijyb is lightly wounded.
There is a stone staircase leading up here.
Your magical contamination has completely faded away.
The zap hits Ijyb.
Ijyb is moderately wounded.
The zap hits Ijyb.
Ijyb is heavily wounded.
Ijyb screams, "Die!"
The zap hits Ijyb.
Ijyb is heavily wounded.
Ijyb zaps a wand.
You barely resist.
The zap hits Ijyb but does no damage.
Ijyb is heavily wounded.
Ijyb zaps a wand.
You barely resist.
You climb upwards.
There is a stone staircase leading down here.
You hit Ijyb. Your grab misses Ijyb. You squeeze Ijyb.
Ijyb is heavily wounded.
Ijyb zaps a wand.
Your mind is blasted!
Ouch! That really hurt!
* * * LOW HITPOINT WARNING * * *
You closely miss Ijyb. Your grab misses Ijyb.
Ijyb is heavily wounded.
Ijyb hits you with a +0 club.
* * * LOW HITPOINT WARNING * * *
You hit Ijyb but do no damage. Your grab misses Ijyb.
Ijyb is heavily wounded.
Ijyb zaps a wand.
You barely resist.
Unknown command.
You hit Ijyb but do no damage. Your grab misses Ijyb.
You squeeze Ijyb, but do no damage.
Ijyb is heavily wounded.
Ijyb hits you with a +0 club.
You die...

#...###.# ##.....##.#
#......#######...###.#
#............#.<.....##
#...########.#........#
#...# #.##.####..# ###...#
#.##.####..##
#.....########.##.........
#..............##..###..##
#.......g@.....##..###..#
#.###.##.###.....<......#
#.....##.###...##..####.##
####.###...............(.#
#.#####.....###.####...
#...........###.## #.##
#######.....##...###.##
##...............
#######...######


You could see Ijyb.

Vanquished Creatures
  An adder (D:1)
  2 ball pythons (D:1)
  4 endoplasms
  3 giant cockroaches
  6 goblins
  3 hobgoblins
  2 jackals (D:2)
  A quokka (D:2)
  6 bats
  5 frilled lizards
  5 kobolds
  5 rats
43 creatures vanquished.

Notes
Turn   | Place    | Note
-------+----------+-------------------------------------------
     0 | D:1      | pkoi the Octopode Air Elementalist began the quest for the
                  | Orb.
     0 | D:1      | Reached XP level 1. HP: 11/11 MP: 3/3
   394 | D:1      | Reached XP level 2. HP: 17/17 MP: 3/5
   969 | D:1      | Reached skill level 4 in Air Magic
  1117 | D:1      | Reached XP level 3. HP: 21/21 MP: 3/6
  2478 | D:2      | Found a faded altar of an unknown god.
  3072 | D:3      | Learned a level 3 spell: Swiftness
  3077 | D:3      | Noticed Ijyb
  3094 | D:2      | Slain by Ijyb

Illustrated notes

Levels and vault maps discovered:
D:1:      lightli_arrival_lavapool, layout_basic
D:2:      layout_loops_ring, shapermc_ecumenical_altar_hornbeckon
D:3:      layout_rooms, kennysheep_orc_chapel, uniq_ijyb

Skill      XL: |  1  2 |
---------------+-------+-----
Air Magic      | 4 |  4.7
Dodging        | |  2.0
Stealth        | |  2.6
Spellcasting   | |  2.0
Conjurations   | |  1.0

Action                   || total
-------------------------++-------
Melee: Unarmed           ||     2
       Short sword       ||    16
       Constrict         ||     4
       Tentacles         ||     5
 Cast: Shock             ||    84
  Use: Scroll            ||     4
 Stab: Sleeping          ||     1
Armor: Skin              ||     3
Dodge: Dodged            ||    14
